 Dungeon Crawl Stone Soup version 0.18-a0-1225-g5d63bca (webtiles) character file.

1607 krabocopter the Shield-Bearer (level 9, -1/64 HPs)
             Began as a Formicid Fighter on Feb 3, 2016.
             Was a Follower of Ashenzari.
             Slain by an orc wizard
             ... wielding a +0 dagger
              (3 damage)
             ... on level 7 of the Dungeon.
             The game lasted 00:15:26 (4520 turns).

krabocopter the Shield-Bearer (Formicid Fighter)    Turns: 4520, Time: 00:15:26

Health: -1/64      AC:  9    Str: 26    XL:     9   Next: 16%
Magic:  9/9        EV:  9    Int:  8    God:    Ashenzari [*.....]
Gold:   195        SH: 12    Dex: 13    Spells: 0 memorised, 8 levels left

rFire  . . .     SeeInvis +     a - +0 war axe
rCold  . . .     Gourm    .     l - +0 scale mail (curse)
rNeg   . . .     Faith    .     c - +0 shield
rPois  .         Spirit   .     (helmet unavailable)
rElec  .         Dismiss  .     (no cloak)
rCorr  .         Reflect  .     u - +0 pair of gloves
SustAt .         Harm     .     (no boots)
MR     .....                    (no amulet)
Stlth  ..........               (no ring)
                                (no ring)

@: mighty, not resistant to hostile enchantments, extremely unstealthy
A: permanent stasis, dig shafts and tunnels, four strong arms, antennae 3
a: Dig, Shaft Self, Scrying, Renounce Religion


You were on level 7 of the Dungeon.
You worshipped Ashenzari.
Ashenzari was aware of your devotion.
You were not hungry.

You visited 1 branch of the dungeon, and saw 7 of its levels.

You collected 195 gold pieces.

Inventory:

Hand Weapons
 a - a +0 war axe (weapon)
 q - a +1 spear of flaming
 t - a cursed -1 trident
Armour
 c - a +0 shield (worn)
 l - a cursed +0 scale mail (worn)
 u - a +0 pair of gloves (worn)
Wands
 y - a wand of confusion (25/48)
 z - a wand of enslavement (13/24)
Scrolls
 b - a scroll of recharging {unknown}
 d - a scroll of fear {unknown}
 e - a scroll of teleportation {unknown}
 g - 4 scrolls of identify {unknown}
 h - 2 scrolls of remove curse
 n - a scroll of noise {unknown}
 r - 2 scrolls of enchant weapon {unknown}
 s - a scroll of immolation {unknown}
 v - a scroll of blinking {unknown}
 x - a scroll of amnesia {unknown}
Potions
 i - a potion of haste
 j - a potion of mutation {unknown}
 p - 2 potions of flight {unknown}
Books
 o - a book of Changes

   Spells                             Type                      Level
   a - Beastly Appendage              Transmutation                1
   b - Sticks to Snakes               Transmutation                2
   c - Spider Form                    Transmutation/Poison         3
   d - Ice Form                       Ice/Transmutation            4
   e - Blade Hands                    Transmutation                5
Comestibles
 f - 4 bread rations
 k - a meat ration
 m - 2 fruits
 A - 3 chunks of flesh


   Skills:
 - Level 3.4 Fighting
 - Level 7.4 Axes
 + Level 7.1 Armour
 + Level 7.9 Shields


You had 8 spell levels left.
You didn't know any spells.

Dungeon Overview and Level Annotations

Branches:
Dungeon (7/15)
 Temple: D:4-7

Altars:
Ashenzari
Gozag
Nemelex Xobeh
Sif Muna
Xom
Yredelemnul

Annotations:
D:3 Robin


Innate Abilities, Weirdness & Mutations

You are under a permanent stasis effect.
You can dig through walls and to a lower floor.
Your four strong arms can wield two-handed weapons with a shield.
You have a pair of large antennae on your head (SInv).


Message History

Your experience leads to an increase in your attributes!
Your base attributes are Str 21, Int 8, Dex 12.
Increase (S)trength, (I)ntelligence, or (D)exterity?
You feel agile.
You slash the orc wizard!
You kill the orc wizard!
An orc comes into view.
An orc comes into view. It is wielding a dagger.
The orc shouts!
The orc moves out of view.
The orc wizard hits you with a dagger.
* * * LOW HITPOINT WARNING * * *
Things that are here:
an uncursed dagger; a +0 robe You are too injured to fight recklessly!
There is a stone staircase leading down, spattered with blood here.
You block the orc wizard's attack.
You climb downwards.
There is a stone staircase leading up here.
You closely miss the orc wizard. The orc wizard hits you with a dagger.
You die...

## #.
.. . #.
+#{
#.###.#
#..o.#{
#@# ###
{


You could see an orc wizard.

Vanquished Creatures
  The ghost of Azzok the Ruffian, a novice TrMo (D:6)
  Sigmund (D:2)
  A necrophage (D:5)
  An ice beast (D:5)
  An orc warrior (D:5)
  A phantom (D:5)
  A centaur (D:6)
  An ogre (D:2)
  3 hounds
  2 orc priests (D:4)
  An orc wizard (D:6)
  Natasha (twice) (D:3)
  A hound zombie (D:5)
  2 hound skeletons (D:4)
  3 gnolls (D:3)
  4 adders
  A shadow imp (D:5)
  An ooze (D:1)
  7 worms
  5 giant geckos
  6 orcs (D:4)
  3 giant cockroaches
  10 goblins
  9 hobgoblins
  6 jackals (D:1)
  12 kobolds
  5 quokkas
  6 bats
  A giant newt (D:4)
  A quokka skeleton (D:6)
  7 rats
106 creatures vanquished.

Notes
Turn   | Place    | Note
--------------------------------------------------------------
     0 | D:1      | krabocopter the Formicid Fighter began the quest for the Orb.
     0 | D:1      | Reached XP level 1. HP: 18/18 MP: 1/1
    63 | D:1      | Found a shattered altar of Ashenzari.
    78 | D:1      | Reached XP level 2. HP: 24/24 MP: 2/2
   204 | D:1      | Reached XP level 3. HP: 22/29 MP: 3/3
   555 | D:1      | Became a worshipper of Ashenzari the Shackled
   849 | D:2      | Noticed Sigmund
   905 | D:2      | HP: 1/29 [Sigmund/scythe (6)]
   910 | D:2      | HP: 1/29 [Sigmund/scythe (1)]
   911 | D:2      | Killed Sigmund
   911 | D:2      | Reached skill level 5 in Axes
   911 | D:2      | Reached XP level 4. HP: 1/35 MP: 4/4
   911 | D:2      | Reached XP level 5. HP: 1/41 MP: 5/5
   911 | D:2      | Reached XP level 6. HP: 1/47 MP: 6/6
  1507 | D:2      | Noticed an ogre
  1535 | D:2      | Killed an ogre
  1535 | D:2      | Reached skill level 6 in Axes
  1563 | D:2      | Found a basalt altar of Yredelemnul.
  1788 | D:3      | Noticed Robin
  1848 | D:3      | Found a shimmering altar of Xom.
  1848 | D:3      | Found a deep blue altar of Sif Muna.
  1953 | D:3      | Reached XP level 7. HP: 17/52 MP: 7/7
  2038 | D:3      | Noticed Natasha
  2047 | D:3      | Killed Natasha
  2252 | D:3      | Noticed Natasha
  2257 | D:3      | Killed Natasha
  2257 | D:3      | Reached skill level 7 in Axes
  2926 | D:4      | Found a sparkling altar of Nemelex Xobeh.
  2937 | D:4      | Found an opulent altar of Gozag.
  3119 | D:5      | Entered Level 5 of the Dungeon
  3124 | D:5      | Reached * piety under Ashenzari
  3301 | D:5      | Reached skill level 5 in Shields
  3301 | D:5      | Reached XP level 8. HP: 51/58 MP: 8/8
  3479 | D:5      | Reached skill level 5 in Armour
  4255 | D:6      | Noticed Azzok's ghost (novice TrMo)
  4515 | D:6      | Killed Azzok's ghost
  4515 | D:6      | Reached XP level 9. HP: 5/64 MP: 9/9
  4516 | D:6      | HP: 1/64 [orc wizard/dagger (5)]
  4520 | D:7      | Slain by an orc wizard

Vault maps used:
D:1:      dpeg_arrival_sounds_slurp, minivault_23, nicolae_ashenzari_panopticon
D:2:      lemuel_coloured_pillars_altar, first_bread, grunt_ministairs_12,
          uniq_sigmund
D:3:      gammafunk_temple_overflow_wave, marbit_many_paths, minmay_bisected,
          uniq_robin, uniq_natasha
D:4:      nicolae_gozag_cash_rules_everything_around_me,
          nemelex_xobeh_ov_fountains_minmay
D:6:      lemuel_doored_altar, grunt_dithmenos_shadows, vehumet_crystals,
          kennysheep_mini, minmay_temple_entry_trees, uniq_grinder
D:7:      kennysheep_mini_moat, lemuel_round_altar, serial_shops,
          nicolae_shop_statue_plus, grunt_livestock,
          nicolae_tso_besieged_by_evil, uniq_duvessa

Action                   |  1- 3 |  4- 6 |  7- 9 || total
-------------------------+-------+-------+-------++-------
Melee: War axe           |   135 |    75 |   203 ||   413
  Use: Potion            |     3 |       |     2 ||     5
  Eat: Chunk             |       |     4 |     7 ||    11
       Fruit             |       |       |     1 ||     1
